cohdb
Replays
Latest Replays
All Replays
Popular Replays
Top Player Replays
Match Explorer
How It Works
Community
CoH3 Stats
Reddit
Sign in to upload your games and track your stats! →
Sign in with Steam
Match 42820008
Unlisted
Match 42820008
Overview
Messages
Build Orders
End
Vickers Machine Gun Team
Construct Section Command Post
Infantry Section
Infantry Section
Infantry Section
Construct Platoon Command Post
Infantry Training
Unlock Bishop Self-propelled Artillery
Infantry Section
Construct Field Infirmary
6-pounder Anti-tank Gun Team
Grenade Package
Construct Company Command Post
Carl
Da'Quantum physics
AlexK
☭USSR☭Unum Wino
Dr.PepoPig
Microsoft 365® Excel
Hayvanadam
Jd577
0
0
Comments
sign in to comment!
No comments posted yet!